 Dungeon Crawl Stone Soup version 0.17-a0-1914-gde4187c (webtiles) character file.

14417 kae the Fencer (level 11, -6/153 HPs)
             Began as a Minotaur Fighter on Sept 26, 2015.
             Was a High Priest of Qazlal.
             Killed by the air
             ... invoked by Gastronok
              (24 damage)
             ... on level 2 of the Lair of Beasts.
             The game lasted 00:19:52 (14740 turns).

kae the Fencer (Minotaur Fighter)                  Turns: 14740, Time: 00:19:53

Health: -6/153     AC: 25    Str: 22    XL:     11   Next: 88%
Magic:  0/17       EV:  2    Int:  7    God:    Qazlal [*****.]
Gold:   786        SH: 16    Dex: 15    Spells: 0 memorised, 10 levels left

rFire  . . .     SeeInvis .     b - +2 falchion (flame)
rCold  . . .     Clarity  .     (armour currently unavailable)
rNeg   + + +     SustAt   .     c - +0 shield
rPois  +         Gourm    .     (helmet currently unavailable)
rElec  .         Spirit   +     (cloak currently unavailable)
rCorr  .         Warding  .     (gloves currently unavailable)
rMut   .         NoTele   +     (boots currently unavailable)
MR     .....                    C - amulet of guardian spirit
Stlth  +.........               Q - ring of positive energy
                                (no ring)

@: agile, lethally poisoned (-6 -> -6), tree-form, very slightly contaminated,
hasted, repel missiles, very quick, not resistant to hostile enchantments, very
unstealthy
A: (retaliatory headbutt), (horns 0)
a: Upheaval, Elemental Force, Disaster Area, Renounce Religion


You were on level 2 of the Lair of Beasts.
You worshipped Qazlal.
Qazlal was extremely pleased with you.
You were very hungry.
You were a tree.
You visited 2 branches of the dungeon, and saw 12 of its levels.
You also visited: Sewer and Ossuary.

You collected 786 gold pieces.

Inventory:

Hand weapons
 a - a +1 falchion of holy wrath
 b - a +2 falchion of flaming (weapon)
Armour
 c - a +0 shield (worn)
 d - a +0 scale mail (melded)
 m - a +1 pair of gloves (melded)
 n - a +2 pair of boots of flying (melded)
Jewellery
 l - an uncursed ring of fire
 A - an uncursed ring of ice
 C - an amulet of guardian spirit (around neck)
 Q - a ring of positive energy (right branch)
Scrolls
 f - 4 scrolls of teleportation
 g - a scroll of summoning
 j - 3 scrolls of enchant armour
 p - 3 scrolls of remove curse
 w - 3 scrolls of fog
 y - 3 scrolls of recharging
 G - 3 scrolls of magic mapping
 N - a scroll of blinking
Potions
 o - a potion of resistance
 u - 4 potions of cancellation
 z - 2 potions of brilliance
 J - 2 potions of mutation
 M - a potion of magic
Comestibles
 e - 6 bread rations


   Skills:
 - Level 11.3 Fighting
 - Level 16.0 Long Blades
 - Level 3.6 Armour
 - Level 3.6 Shields
 + Level 9.7 Invocations


You had 10 spell levels left.
You didn't know any spells.

Dungeon Overview and Level Annotations

Branches:
Dungeon (10/15)            Temple (0/1) D:4            Lair (2/8) D:9
    Orc: D:9-12

Altars:
Ashenzari
Elyvilon
Gozag
Makhleb
Nemelex Xobeh
Qazlal
Ru
Vehumet
Xom
Yredelemnul
Zin

Shops:
D:6 [

Annotations:
Lair:2 Gastronok


Innate Abilities, Weirdness & Mutations

((You reflexively headbutt those who attack you in melee.))
((You have a pair of horns on your head.))


Message History

You hit Gastronok. You burn Gastronok.
Gastronok is severely wounded.
You hit Gastronok. You burn Gastronok.
Gastronok is severely wounded.
You hear a croak.
You hit Gastronok. You burn Gastronok.
Gastronok is severely wounded.
Gastronok bites you but does no damage.
You slash Gastronok! You burn Gastronok.
Gastronok is almost dead.
You slash Gastronok! You burn Gastronok.
Gastronok is almost dead.
You hit Gastronok. You burn Gastronok.
Gastronok is almost dead.
You hit Gastronok. You burn Gastronok.
Gastronok is almost dead.
You hear a croak.
Gastronok waves his eye-stalks in wide circles.
The air twists around and strikes you!
You die...

... #........#
...#######P.......#
......#.#......P###
#.............#
####..........###
#.............#
.....§§.§......#
.....§§.........#
.....§.♣§..#P..##
......w#######..
.....§. .. .P.....
....... #......
....... #......


You could see Gastronok.

Vanquished Creatures
  The ghost of Ijustatesigmund the Cleaver, a powerful HOFi of Beogh (D:10)
  A hill giant (D:10)
  A griffon (Lair:2)
  A manticore (D:8)
  A black mamba (Lair:2)
  2 komodo dragons (Lair:1)
  2 spiny frogs (Lair:1)
  A troll (D:9)
  Grinder (D:5)
  Prince Ribbit (D:7)
  A wyvern (D:9)
  2 wraiths
  10 yaks
  A basilisk (Lair:1)
  A hippogriff (Lair:1)
  Grum (D:9)
  13 wolves
  A hungry ghost (D:10)
  A deep elf fighter (D:9)
  The ghost of tp1 the Covered, an average GrBe of Trog (D:3)
  A soldier ant (D:10)
  2 porcupines
  2 water moccasins
  5 ogres
  2 black bears
  2 orc warriors
  3 phantoms
  3 sky beasts (D:10)
  An ice beast (D:9)
  2 necrophages
  5 centaurs
  3 crocodiles
  A big kobold (D:9)
  An elf zombie (Ossuary)
  12 giant frogs
  7 killer bees
  3 crimson imps
  A centaur zombie (D:9)
  8 wights
  2 giant frog zombies
  5 orc priests
  4 hounds
  5 human zombies (D:7)
  A giant frog skeleton (D:5)
  4 iguanas
  2 jellies
  11 orc wizards
  A human skeleton (D:7)
  6 worker ants
  An ogre zombie (D:7)
  2 hound zombies
  A hound skeleton (D:10)
  7 mummies
  Robin (D:3)
  3 gnolls (D:2)
  8 river rats
  A worker ant zombie (D:9)
  15 adders
  3 shadow imps
  An ooze (D:2)
  An adder zombie (Ossuary)
  3 worms
  2 giant geckos
  49 orcs
  7 ball pythons
  7 hobgoblins
  13 jackals
  12 kobolds
  A quokka (D:4)
  A ball python zombie (D:5)
  10 bats
  7 giant cockroaches
  8 giant newts
  A gnoll zombie (Ossuary)
  17 goblins
  A hobgoblin zombie (Ossuary)
  A jackal skeleton (D:4)
  2 jackal zombies (Ossuary)
  A kobold zombie (Ossuary)
  An orc skeleton (D:7)
  2 orc zombies (Ossuary)
  21 rats
  2 rat zombies (Ossuary)
  3 plants
365 creatures vanquished.

Vanquished Creatures (collateral kills)
  A hippogriff (D:8)
1 creature vanquished.

Vanquished Creatures (others)
  15 fungi
  14 plants
29 creatures vanquished.

Grand Total: 395 creatures vanquished

Notes
Turn   | Place    | Note
--------------------------------------------------------------
     0 | D:1      | kae the Minotaur Fighter began the quest for the Orb.
     0 | D:1      | Reached XP level 1. HP: 19/19 MP: 0/0
   294 | D:1      | Reached XP level 2. HP: 26/26 MP: 1/1
   988 | D:2      | Reached skill level 4 in Long Blades
   992 | D:2      | Reached XP level 3. HP: 25/31 MP: 2/2
  1424 | D:2      | Reached skill level 5 in Long Blades
  1425 | D:2      | Found a stormy altar of Qazlal.
  1579 | D:2      | Reached XP level 4. HP: 33/39 MP: 3/3
  1924 | D:3      | Noticed Robin
  1926 | D:3      | Noticed a giant frog
  1931 | D:3      | Killed a giant frog
  1931 | D:3      | Reached skill level 6 in Long Blades
  1931 | D:3      | Reached XP level 5. HP: 38/45 MP: 4/4
  1940 | D:3      | Killed Robin
  2202 | D:3      | Noticed tp1's ghost (average GrBe)
  2219 | D:3      | Killed tp1's ghost
  2219 | D:3      | Reached skill level 7 in Long Blades
  2219 | D:3      | Reached XP level 6. HP: 6/51 MP: 5/5
  2622 | D:4      | Reached skill level 8 in Long Blades
  3083 | D:3      | Found a glowing silver altar of Zin.
  3641 | D:4      | Found an opulent altar of Gozag.
  3754 | D:4      | Reached skill level 9 in Long Blades
  3754 | D:4      | Reached XP level 7. HP: 51/57 MP: 6/6
  3947 | D:4      | Found a staircase to the Ecumenical Temple.
  4072 | D:2      | Became a worshipper of Qazlal Stormbringer
  4289 | D:5      | Entered Level 5 of the Dungeon
  4363 | D:5      | Noticed Grinder
  4365 | D:5      | Found a white marble altar of Elyvilon.
  4401 | D:5      | Paralysed by Grinder for 3 turns
  4408 | D:5      | Paralysed by Grinder for 7 turns
  4416 | D:5      | Killed Grinder
  4416 | D:5      | Reached skill level 10 in Long Blades
  4675 | D:5      | Reached skill level 11 in Long Blades
  4829 | D:5      | Reached XP level 8. HP: 58/64 MP: 7/7
  5311 | D:6      | Found a sparkling altar of Nemelex Xobeh.
  5395 | D:6      | Found Vosateeh's Armour Shop.
  5445 | D:6      | Found a glowing drain.
  5506 | Sewer    | Entered a sewer
  5656 | Sewer    | Acquired Qazlal's first power
  5737 | Sewer    | Reached skill level 12 in Long Blades
  5918 | D:6      | Found a radiant altar of Vehumet.
  5918 | D:6      | Found a burning altar of Makhleb.
  6027 | D:6      | Found a sacrificial altar of Ru.
  6037 | D:6      | Reached skill level 13 in Long Blades
  6274 | D:7      | Noticed Prince Ribbit
  6284 | D:7      | Killed Prince Ribbit
  6284 | D:7      | Reached XP level 9. HP: 57/70 MP: 8/8
  6346 | D:7      | Found a basalt altar of Yredelemnul.
  6431 | D:7      | Reached skill level 14 in Long Blades
  6488 | D:7      | Acquired Qazlal's second power
  7060 | D:7      | Found a sand-covered staircase.
  7068 | Ossuary  | Entered an ossuary
  7514 | D:8      | Reached skill level 15 in Long Blades
  7697 | D:8      | Found a shimmering altar of Xom.
  8140 | D:8      | Reached skill level 16 in Long Blades
  8371 | D:8      | Reached XP level 10. HP: 78/80 MP: 9/9
  8375 | D:8      | Acquired Qazlal's third power
  8810 | D:9      | Identified a scroll of acquirement
  8816 | D:9      | Reached skill level 5 in Fighting
  8922 | D:9      | Noticed a manticore
  9394 | D:9      | Noticed Grum
  9410 | D:9      | Killed Grum
  9550 | D:9      | HP: 4/88 [manticore/volley of spikes (7)]
  9906 | D:8      | Killed a manticore
 10620 | D:9      | Reached skill level 10 in Fighting
 10838 | D:9      | Acquired Qazlal's fourth power
 11118 | D:9      | Found a staircase to the Lair.
 11264 | D:9      | Found a shattered altar of Ashenzari.
 11434 | D:10     | Entered Level 10 of the Dungeon
 11581 | D:10     | Reached skill level 1 in Invocations
 11669 | D:10     | Reached XP level 11. HP: 102/102 MP: 9/11
 12112 | D:10     | Noticed a hill giant
 12126 | D:10     | HP: 3/102 [hill giant/giant club (30)]
 12127 | D:10     | Killed a hill giant
 12149 | D:10     | Noticed Ijustatesigmund's ghost (powerful HOFi)
 12439 | D:10     | Killed Ijustatesigmund's ghost
 12439 | D:10     | Reached skill level 5 in Invocations
 12863 | Lair:1   | Entered Level 1 of the Lair of Beasts
 13234 | Lair:1   | Acquired Qazlal's fifth power
 14715 | Lair:2   | Noticed Gastronok
 14740 | Lair:2   | Killed from afar by Gastronok

Vault maps used:
D:1:      lemuel_arrival_room
D:2:      lemuel_crystal_altar, kennysheep_generic_room_8
D:3:      zin_academy, first_bread, uniq_robin
D:4:      kennysheep_little_box, temple_statues, hex_large
D:5:      elyvilon_altar_4, uniq_grinder
D:6:      grunt_temple_overflow_lords_of_destruction,
          nicolae_overflow_crystal_walls, lemuel_crystal_altar, serial_shops,
          shop, portal_sewer_entry_d
D:7:      lemuel_mausoleum_altar_yredelemnul, gup_ossuary_entry_pyramid,
          uniq_prince_ribbit1
D:8:      overflow_temple_1_default
D:9:      lemuel_doored_altar, grunt_lair_entry_elf_guard_hut, uniq_grum
Lair:2:   grunt_forest_stairs_basic, serial_bayou_shore_b, uniq_gastronok
Sewer:    sewer_frog_island_01
Ossuary:  ossuary_minmay_tomb_2a

Action                   |  1- 3 |  4- 6 |  7- 9 | 10-12 || total
-------------------------+-------+-------+-------+-------++-------
Melee: Long sword        |    87 |    24 |       |       ||   111
       Falchion          |       |   125 |   468 |   314 ||   907
       Scimitar          |       |       |       |   233 ||   233
Invok: Upheaval          |       |       |       |     2 ||     2
 Abil: Evoke Teleportati |       |     1 |       |       ||     1
Evoke: Wand              |       |       |       |     2 ||     2
  Use: Potion            |       |     5 |     2 |     7 ||    14
       Scroll            |       |       |    17 |    11 ||    28
 Stab: Invisible         |       |       |     2 |       ||     2
  Eat: Chunk             |     2 |     4 |    16 |    18 ||    40
       Royal jelly       |       |     1 |       |       ||     1
       Fruit             |       |       |     1 |     2 ||     3
